 Dungeon Crawl Stone Soup version 0.25-a0-510-ge065f6de7d (webtiles) character file.

Game seed: 11602876802828645634, levelgen mode: deterministic

33 BeastOfSaturn the Vexing (level 3, -1/25 HPs)
             Began as a Demonspawn Enchanter on Feb 15, 2020.
             Slain by an adder (4 damage)
             ... on level 2 of the Dungeon.
             The game lasted 00:06:55 (1764 turns).

BeastOfSaturn the Vexing (Demonspawn Enchanter)     Turns: 1764, Time: 00:06:55

Health: -1/25      AC:  7    Str:  9    XL:     3   Next: 12%
Magic:  6/6        EV: 12    Int: 16    God:
Gold:   41         SH:  0    Dex: 13    Spells: 3/6 levels left

rFire    . . .     SeeInvis .   f - -2 mace (curse)
rCold    + . .     Gourm    .   (no shield)
rNeg     + . .     Faith    .   j - +2 robe {rN+}
rPois    .         Spirit   .   (no helmet)
rElec    .         Reflect  .   (no cloak)
rCorr    .         Harm     .   h - +2 pair of gloves
MR       .....                  (no boots)
Stlth    ++........             (no amulet)
HPRegen  0.08/turn              (no ring)
MPRegen  0.10/turn              (no ring)

@: lethally poisoned (-1 -> -8)
A: cold resistance 1
a: no special abilities


You were on level 2 of the Dungeon.
You were not hungry.

You visited 1 branch of the dungeon, and saw 2 of its levels.

You collected 41 gold pieces.

Inventory:

Hand Weapons
 a - a +1 dagger
 c - a +0 hand axe
 f - a cursed -2 mace (weapon)
Armour
 b - a +0 robe
 e - a +0 leather armour
 h - a +2 pair of gloves (worn)
 j - a +2 robe of positive energy (worn)
 l - a cursed -1 robe
Potions
 g - a potion of agility {unknown}
 m - a potion of lignification {unknown}
Comestibles
 d - 3 rations


   Skills:
 + Level 0.6 Fighting
 - Level 1.0 Short Blades
 * Level 0.7 Axes
 * Level 0.6 Armour
 + Level 2.1 Dodging
 - Level 2.6 Stealth
 - Level 2.0 Spellcasting
 * Level 3.5 Hexes


You had 3 spell levels left.
You knew the following spells:

 Your Spells              Type           Power        Failure   Level  Hunger
a - Corona                Hex            ##.....      4%          1    #......
b - Ensorcelled Hibernat  Hex/Ice        #.....       16%         2    ###....

Your spell library contained the following spells:

 Spells                   Type           Power        Failure   Level  Hunger
 Confusing Touch          Hex            ##......     14%         3    ###....
 Tukima's Dance           Hex            ##......     14%         3    ###....
 Dazzling Flash           Conj/Hex       #.....       30%         3    ###....


Dungeon Overview and Level Annotations

Branches:
Dungeon (2/15)

Altars:


Innate Abilities, Weirdness & Mutations

Your flesh is cold resistant. (rC+)


Message History

You feel sick. The adder closely misses you.
You miss the adder.
The adder is heavily wounded.
* * * LOW HITPOINT WARNING * * *
You feel sick. The adder bites you but does no damage.
The adder completely misses you.
You closely miss the adder.
The adder is heavily wounded.
* * * LOW HITPOINT WARNING * * *
You feel sick. The adder barely misses you.
The adder bites you but does no damage.
You closely miss the adder.
The adder is heavily wounded.
* * * LOW HITPOINT WARNING * * *
You feel sick. The adder barely misses you. The adder misses you.
You hit the adder.
The adder is almost dead.
* * * LOW HITPOINT WARNING * * *
You feel sick. The adder bites you.
You die...

.######.####
#...# #.#
#...#.# #.#
#...#.# #.#
#...#.# #.#
#...#.####
#.#
##.#......
#)#
###<#..####
########.#
#......#
......S@.#
#......#
########.#
#......####
#.#
#..........
#.#
#..........
...
#..........
[..
#..........
.....
#..........
.....
#..........
....###
#..........


You could see an adder.

Vanquished Creatures
  An ooze (D:2)
  A worm (D:2)
  A giant cockroach (D:1)
  A goblin (D:1)
  5 hobgoblins
  2 jackals (D:2)
  3 kobolds
  2 ball pythons
  A bat (D:1)
  4 frilled lizards
  A jackal skeleton (D:2)
  4 rats
26 creatures vanquished.

Notes
Turn   | Place    | Note
-------+----------+-------------------------------------------
     0 | D:1      | BeastOfSaturn the Demonspawn Enchanter began the quest for
                  | the Orb.
     0 | D:1      | Reached XP level 1. HP: 13/13 MP: 3/3
    14 | D:1      | Reached skill level 1 in Short Blades
   197 | D:1      | Gained mutation: Your flesh is cold resistant. (rC+)
                  | [demonic ancestry]
   197 | D:1      | Reached XP level 2. HP: 14/20 MP: 3/5
   393 | D:1      | Learned a level 2 spell: Ensorcelled Hibernation
   850 | D:2      | Noticed a scorpion
  1254 | D:2      | Reached XP level 3. HP: 21/25 MP: 1/6
  1764 | D:2      | Slain by an adder

Levels and vault maps discovered:
D:1:      saegor_arrival_simple_c, layout_rooms
D:2:      layout_basic, uniq_robin

Skill      XL: |  1  2 |
---------------+-------+-----
Short Blades   | 1 |  1.0
Dodging        | 2 |  2.1
Fighting       | |  0.6
Axes           | |  0.7
Armour         | |  0.6
Stealth        | |  2.6
Spellcasting   | |  2.0
Hexes          | |  3.5

Action                   || total
-------------------------++-------
Melee: Dagger            ||    36
       Hand axe          ||    76
       Mace              ||    13
 Cast: Corona            ||     9
       Ensorcelled Hiber ||     9
  Use: Potion            ||     1
       Scroll            ||     2
 Stab: Sleeping          ||     5
  Eat: Ration            ||     1
Armor: Robe              ||    44
       Leather armour    ||     1
Dodge: Dodged            ||    75

Table legend:
 A = Non-vault XP
 B = Vault XP
 C = Vault XP percentage of total XP
 D = Non-vault monster count
 E = Vault monster count
 F = Vault count percentage of total count
                 A         B        C        D         E       F
            +---------+---------+-------+---------+---------+-------
      Total |      48 |       0 |   0.0 |      26 |       0 |   0.0
            +---------+---------+-------+---------+---------+-------
        D:1 |      24 |       0 |   0.0 |      16 |       0 |   0.0
        D:2 |      24 |       0 |   0.0 |      10 |       0 |   0.0
            +---------+---------+-------+---------+---------+-------
